TOP OF THE 1ST |
Niagara Falls Rapids batting - Pitching for Albany Chiefs : LHP Damon Payne
|
Pitching: LHP Damon Payne
|
|
Batting: SHB Trent Hogan
|
0-0: Fly out, F8 (Flyball, 8LM, EV 80.6 MPH)
|
Batting: RHB Kole Remington
|
0-0: Foul Ball, location: 2F 0-1: Ball 1-1: Ball 2-1: DOUBLE (Line Drive, 78D, EV 113.1 MPH)
|
Batting: RHB Thalen Lizik
|
0-0: Called Strike 0-1: Ball 1-1: Fly out, F8 (Flyball, 89M, EV 72.5 MPH)
|
Batting: RHB Scott Bolton
|
0-0: Ball 1-0: 2-RUN HOME RUN (Flyball, 7D, EV 98.8 MPH), Distance : 408 ft
|
Batting: RHB Isaac Cologgi
|
0-0: Ball 1-0: Ball 2-0: Ball 3-0: Called Strike 3-1: Base on Balls
|
Batting: LHB Vince Westmoreland
|
0-0: Ball 1-0: SINGLE (Groundball, 6, EV 97.5 MPH) Isaac Cologgi to second Runner from 2nd tries for 3rd, SAFE, throw by CF made to third
|
Batting: LHB Jake Millar
|
0-0: Called Strike 0-1: Ball 1-1: Ball 2-1: Swinging Strike 2-2: Ball 3-2: Fly out, F8 (Flyball, 8RD, EV 95.6 MPH)
|
Top of the 1st over - 2 runs, 3 hits, 0 errors, 2 left on base; Niagara Falls 2 - Albany 0 |
BOTTOM OF THE 1ST |
Albany Chiefs batting - Pitching for Niagara Falls Rapids : RHP Greyson Beauchamp
|
Pitching: RHP Greyson Beauchamp
|
|
Batting: SHB Max June
|
0-0: Ball 1-0: Fly out, F9 (Line Drive, 9S, EV 93.1 MPH)
|
Batting: RHB Justin Taulbee
|
0-0: Called Strike 0-1: Ball 1-1: Ball 2-1: Ball 3-1: Ground out 4-3 (Groundball, 4, EV 92.5 MPH)
|
Batting: LHB Gavin Goodenow
|
0-0: Ball 1-0: Ball 2-0: Foul Ball, location: 2F 2-1: Foul Ball, location: 2F 2-2: Hit by Pitch
|
Batting: RHB Kyle Grenard
|
0-0: Ball 1-0: Fly out, F8 (Line Drive, 8LM, EV 98.1 MPH)
|
Bottom of the 1st over - 0 runs, 0 hits, 0 errors, 1 left on base; Niagara Falls 2 - Albany 0 |
TOP OF THE 2ND |
Niagara Falls Rapids batting - Pitching for Albany Chiefs : LHP Damon Payne
|
Batting: RHB Abdul Arbuckle
|
0-0: Called Strike 0-1: Ball 1-1: Called Strike 1-2: Ground out 6-3 (Groundball, 6, EV 102.5 MPH)
|
Batting: RHB Abel Ochoa
|
0-0: Ball 1-0: Ball 2-0: Called Strike 2-1: Ball 3-1: Base on Balls
|
Batting: SHB Trent Hogan
|
0-0: Called Strike 0-1: Ball 1-1: Called Strike 1-2: Ball 2-2: Ball 3-2: Base on Balls Abel Ochoa to second
|
Batting: RHB Kole Remington
|
0-0: Ball 1-0: Ball 2-0: Ball 3-0: Base on Balls Abel Ochoa to third Trent Hogan to second
|
Batting: RHB Thalen Lizik
|
0-0: Ball 1-0: Fly out, F5 (Popup, 5F, EV 66.9 MPH)
|
Batting: RHB Scott Bolton
|
0-0: Ball 1-0: Ball 2-0: Called Strike 2-1: Foul Ball, location: 2F 2-2: DOUBLE (Line Drive, 3D, EV 106.9 MPH) Abel Ochoa scores Trent Hogan scores Kole Remington to third
|
Batting: RHB Isaac Cologgi
|
0-0: SINGLE (Flyball, 34D, EV 92.5 MPH) Kole Remington scores Scott Bolton to third Runner from 3rd tries for Home, SAFE, throw by RF to home
|
Pitching: RHP Torrion Stanfield
|
|
Batting: LHB Vince Westmoreland
|
0-0: Ball 1-0: Ball 2-0: Foul Ball, location: 2F 2-1: DOUBLE (Line Drive, 78XD, EV 102.5 MPH) Isaac Cologgi to third Runner from 3rd tries for Home, SAFE, no throw by CF
|
Batting: LHB Jake Millar
|
0-0: Called Strike 0-1: Foul Ball, location: 2F 0-2: Ball 1-2: Ball 2-2: Ball Wild Pitch! Vince Westmoreland to third 3-2: Ground out 4-3 (Groundball, 4, EV 99.4 MPH)
|
Top of the 2nd over - 5 runs, 3 hits, 0 errors, 1 left on base; Niagara Falls 7 - Albany 0 |
BOTTOM OF THE 2ND |
Albany Chiefs batting - Pitching for Niagara Falls Rapids : RHP Greyson Beauchamp
|
Batting: RHB Kahlil Cruz
|
0-0: Foul Ball, location: 2F 0-1: Ball 1-1: Called Strike 1-2: Ball 2-2: Foul Ball, location: 2F 2-2: Ball 3-2: Fly out, F8 (Flyball, 8RM, EV 91.9 MPH)
|
Batting: RHB Cole Gregston
|
0-0: Ball 1-0: Foul Ball, location: 2F 1-1: Called Strike 1-2: Fly out, F9 (Line Drive, 9, EV 95.0 MPH)
|
Batting: LHB Adrian Gordon
|
0-0: Ball 1-0: Called Strike 1-1: Ball 2-1: Ball 3-1: Swinging Strike 3-2: Strikes out swinging
|
Bottom of the 2nd over - 0 runs, 0 hits, 0 errors, 0 left on base; Niagara Falls 7 - Albany 0 |
TOP OF THE 3RD |
Niagara Falls Rapids batting - Pitching for Albany Chiefs : RHP Torrion Stanfield
|
Batting: RHB Abdul Arbuckle
|
0-0: Called Strike 0-1: Swinging Strike 0-2: Ball 1-2: Ball 2-2: Fly out, F8 (Line Drive, 8LM, EV 95.0 MPH)
|
Batting: RHB Abel Ochoa
|
0-0: Fly out, F7 (Line Drive, 7, EV 90.6 MPH)
|
Batting: SHB Trent Hogan
|
0-0: Called Strike 0-1: Foul Ball, location: 2F 0-2: Foul Ball, location: 2F 0-2: Reached on error, E2 (Groundball, 2R, EV 63.8 MPH)
|
Batting: RHB Kole Remington
|
0-0: 2-RUN HOME RUN (Flyball, 7D, EV 105.6 MPH), Distance : 418 ft
|
Batting: RHB Thalen Lizik
|
0-0: Ball 1-0: Ball 2-0: Called Strike 2-1: Swinging Strike 2-2: Foul Ball, location: 2F 2-2: Ground out 4-3 (Groundball, 4, EV 108.1 MPH)
|
Top of the 3rd over - 2 runs, 1 hit, 1 error, 0 left on base; Niagara Falls 9 - Albany 0 |
BOTTOM OF THE 3RD |
Albany Chiefs batting - Pitching for Niagara Falls Rapids : RHP Greyson Beauchamp
|
Batting: RHB Omar Lipsey
|
0-0: Swinging Strike 0-1: Foul Ball, location: 2F 0-2: Hit by Pitch
|
Batting: RHB Kelton Sa'eed
|
0-0: Ball 1-0: Swinging Strike 1-1: Ball 2-1: Foul Ball, location: 2F 2-2: Strikes out swinging
|
Batting: SHB Max June
|
0-0: Called Strike 0-1: Ball 1-1: Swinging Strike 1-2: Ball 2-2: SINGLE (Groundball, 4MD, EV 97.5 MPH) Omar Lipsey to second
|
Batting: RHB Justin Taulbee
|
0-0: Ball 1-0: Ball 2-0: Foul Ball, location: 2F 2-1: Ball 3-1: Swinging Strike 3-2: Base on Balls Omar Lipsey to third Max June to second
|
Batting: LHB Gavin Goodenow
|
0-0: Called Strike 0-1: Hit by Pitch Omar Lipsey scores Max June to third Justin Taulbee to second
|
Batting: RHB Kyle Grenard
|
0-0: Called Strike 0-1: Ball 1-1: Ball 2-1: Called Strike 2-2: Ball 3-2: DOUBLE (Flyball, 8RXD, EV 99.4 MPH) Max June scores Justin Taulbee scores Gavin Goodenow to third
|
Batting: RHB Kahlil Cruz
|
0-0: Called Strike 0-1: Ball 1-1: DOUBLE (Line Drive, 7LM, EV 98.8 MPH) Gavin Goodenow scores Kyle Grenard scores
|
Batting: RHB Cole Gregston
|
0-0: Ball 1-0: Ground out 6-3 (Groundball, 6, EV 109.4 MPH)
|
Batting: LHB Adrian Gordon
|
0-0: Ball 1-0: Called Strike 1-1: DOUBLE (Groundball, 3L, EV 108.8 MPH) Kahlil Cruz scores
|
Batting: RHB Omar Lipsey
|
0-0: Ball 1-0: Ball 2-0: Called Strike 2-1: Swinging Strike 2-2: Ground out 3-1 (Groundball, 13, EV 85.6 MPH)
|
Bottom of the 3rd over - 6 runs, 4 hits, 0 errors, 1 left on base; Niagara Falls 9 - Albany 6 |
TOP OF THE 4TH |
Niagara Falls Rapids batting - Pitching for Albany Chiefs : RHP Torrion Stanfield
|
Batting: RHB Scott Bolton
|
0-0: Called Strike 0-1: Ball 1-1: SINGLE (Line Drive, 4MD, EV 98.1 MPH)
|
Batting: RHB Isaac Cologgi
|
0-0: Ball 1-0: Ball 2-0: Called Strike 2-1: Foul Ball, location: 2F 2-2: Grounds into double play, 4-6-3 (Groundball, 4, EV 82.5 MPH)
|
Batting: LHB Vince Westmoreland
|
0-0: Ball 1-0: SOLO HOME RUN (Flyball, 9LD, EV 96.9 MPH), Distance : 360 ft
|
Batting: LHB Jake Millar
|
0-0: Called Strike 0-1: Called Strike 0-2: Ball 1-2: SINGLE (Groundball, 6D, EV 97.5 MPH)
|
Pitching: RHP Caleb Moxley
|
|
Batting: RHB Abdul Arbuckle
|
0-0: Called Strike 0-1: Called Strike 0-2: Ball 1-2: Ball 2-2: Ball 3-2: Foul Ball, location: 2F 3-2: Base on Balls Jake Millar to second
|
Batting: RHB Abel Ochoa
|
0-0: Ball 1-0: Foul Ball, location: 2F 1-1: Foul Ball, location: 2F 1-2: Ball 2-2: Foul Ball, location: 2F 2-2: Ball 3-2: Base on Balls Jake Millar to third Abdul Arbuckle to second
|
Batting: SHB Trent Hogan
|
0-0: Ball 1-0: Ball 2-0: Ball 3-0: Called Strike 3-1: Swinging Strike 3-2: Foul Ball, location: 2F 3-2: Strikes out swinging
|
Top of the 4th over - 1 run, 3 hits, 0 errors, 3 left on base; Niagara Falls 10 - Albany 6 |
BOTTOM OF THE 4TH |
Albany Chiefs batting - Pitching for Niagara Falls Rapids : RHP Greyson Beauchamp
|
Batting: RHB Kelton Sa'eed
|
0-0: Ball 1-0: Called Strike 1-1: Ball 2-1: Foul Ball, location: 2F 2-2: Foul Ball, location: 2F 2-2: Strikes out swinging
|
Batting: SHB Max June
|
0-0: Fly out, F8 (Flyball, 78M, EV 96.9 MPH)
|
Batting: RHB Justin Taulbee
|
0-0: Called Strike 0-1: Foul Ball, location: 2F 0-2: Ball 1-2: Strikes out swinging
|
Bottom of the 4th over - 0 runs, 0 hits, 0 errors, 0 left on base; Niagara Falls 10 - Albany 6 |
TOP OF THE 5TH |
Niagara Falls Rapids batting - Pitching for Albany Chiefs : RHP Caleb Moxley
|
Batting: RHB Kole Remington
|
0-0: Ball 1-0: Foul Ball, location: 2F 1-1: Ball 2-1: SOLO HOME RUN (Flyball, 9LD, EV 96.9 MPH), Distance : 352 ft
|
Batting: RHB Thalen Lizik
|
0-0: Called Strike 0-1: Called Strike 0-2: Ball 1-2: Foul Ball, location: 2F 1-2: Ball 2-2: Strikes out swinging
|
Batting: RHB Scott Bolton
|
0-0: SINGLE (Line Drive, 8RS, EV 86.9 MPH)
|
Batting: RHB Isaac Cologgi
|
0-0: Foul Ball, location: 2F 0-1: Foul Ball, location: 2F 0-2: Ball 1-2: Foul Ball, location: 2F 1-2: Foul Ball, location: 2F 1-2: Foul Ball, location: 2F 1-2: Strikes out swinging
|
Pitching: RHP C.J. Thompson
|
|
Batting: LHB Vince Westmoreland
|
0-0: Ball 1-0: Foul Ball, location: 2F 1-1: Called Strike 1-2: Ball 2-2: Strikes out swinging
|
Top of the 5th over - 1 run, 2 hits, 0 errors, 1 left on base; Niagara Falls 11 - Albany 6 |
BOTTOM OF THE 5TH |
Albany Chiefs batting - Pitching for Niagara Falls Rapids : RHP Greyson Beauchamp
|
Pitching: RHP Sheldon Djojopoespito
|
|
Batting: LHB Gavin Goodenow
|
0-0: Ball 1-0: Foul Ball, location: 2F 1-1: Ball 2-1: SINGLE (Line Drive, 8RS, EV 96.2 MPH)
|
Batting: RHB Kyle Grenard
|
0-0: Called Strike 0-1: Ball 1-1: Called Strike 1-2: Ball 2-2: Ball 3-2: Fielders Choice at 2nd, 6-4 (Groundball, 6, EV 105.6 MPH)
|
Batting: RHB Kahlil Cruz
|
0-0: SINGLE (Line Drive, 7S, EV 107.5 MPH) Kyle Grenard to second
|
Batting: RHB Cole Gregston
|
0-0: Foul Ball, location: 2F 0-1: Ball 1-1: Foul Ball, location: 2F 1-2: Ball 2-2: Ball 3-2: Base on Balls Kyle Grenard to third Kahlil Cruz to second
|
Batting: LHB Adrian Gordon
|
0-0: Ball 1-0: Called Strike 1-1: Swinging Strike 1-2: Fly out, F7 (Line Drive, 78M, EV 106.9 MPH)
|
Pinch Hitting: RHB Findlay Carreon
|
0-0: Called Strike 0-1: Swinging Strike 0-2: Fly out, F8 (Line Drive, 8LM, EV 96.9 MPH)
|
Bottom of the 5th over - 0 runs, 2 hits, 0 errors, 3 left on base; Niagara Falls 11 - Albany 6 |
TOP OF THE 6TH |
Niagara Falls Rapids batting - Pitching for Albany Chiefs : RHP C.J. Thompson
|
Now at 1B: Findlay Carreon
|
|
Batting: LHB Jake Millar
|
0-0: Foul Ball, location: 2F 0-1: Called Strike 0-2: Strikes out swinging
|
Batting: RHB Abdul Arbuckle
|
0-0: Ball 1-0: Called Strike 1-1: Ball 2-1: Foul Ball, location: 2F 2-2: Ball 3-2: SINGLE (Groundball, 56D, EV 94.4 MPH)
|
Batting: RHB Abel Ochoa
|
0-0: Foul Ball, location: 2F 0-1: Called Strike 0-2: Fly out, F9 (Line Drive, 9S, EV 106.2 MPH)
|
Batting: SHB Trent Hogan
|
0-0: Ball 1-0: Swinging Strike 1-1: Swinging Strike 1-2: Strikes out looking
|
Top of the 6th over - 0 runs, 1 hit, 0 errors, 1 left on base; Niagara Falls 11 - Albany 6 |
BOTTOM OF THE 6TH |
Albany Chiefs batting - Pitching for Niagara Falls Rapids : RHP Sheldon Djojopoespito
|
Batting: RHB Kelton Sa'eed
|
0-0: Called Strike 0-1: Swinging Strike 0-2: Ball 1-2: Ball 2-2: Fly out, F7 (Line Drive, 7, EV 109.4 MPH)
|
Batting: SHB Max June
|
0-0: Ball 1-0: Foul Ball, location: 2F 1-1: Ball 2-1: Ball 3-1: Fly out, F8 (Flyball, 8RS, EV 76.9 MPH)
|
Batting: RHB Justin Taulbee
|
0-0: Ball 1-0: Called Strike 1-1: Ball 2-1: Foul Ball, location: 2F 2-2: Ball 3-2: SINGLE (Groundball, 6S, EV 66.2 MPH) (infield hit)
|
Batting: LHB Gavin Goodenow
|
0-0: Ball 1-0: Ball 2-0: Ball 3-0: Base on Balls Justin Taulbee to second
|
Batting: RHB Kyle Grenard
|
0-0: Called Strike 0-1: Swinging Strike 0-2: Ball 1-2: Ball 2-2: Ball 3-2: Base on Balls Justin Taulbee to third Gavin Goodenow to second
|
Batting: RHB Kahlil Cruz
|
0-0: Ball 1-0: Called Strike 1-1: Ball 2-1: GRAND SLAM HOME RUN (Flyball, 7LD, EV 98.8 MPH), Distance : 384 ft
|
Pitching: LHP Bracken Mamo
|
|
Batting: RHB Cole Gregston
|
0-0: Fly out, F6 (Popup, 6S, EV 68.1 MPH)
|
Bottom of the 6th over - 4 runs, 2 hits, 0 errors, 0 left on base; Niagara Falls 11 - Albany 10 |
TOP OF THE 7TH |
Niagara Falls Rapids batting - Pitching for Albany Chiefs : RHP C.J. Thompson
|
Batting: RHB Kole Remington
|
0-0: Ball 1-0: Ball 2-0: Ball 3-0: Base on Balls
|
Batting: RHB Thalen Lizik
|
0-0: Ball 1-0: Ball 2-0: Called Strike 2-1: Ball 3-1: Called Strike 3-2: Base on Balls Kole Remington to second
|
Batting: RHB Scott Bolton
|
0-0: Called Strike 0-1: Swinging Strike 0-2: Foul Ball, location: 2F 0-2: Ball 1-2: Strikes out swinging
|
Batting: RHB Isaac Cologgi
|
0-0: Called Strike 0-1: Ball 1-1: Ball 2-1: Ball 3-1: Swinging Strike 3-2: Strikes out swinging
|
Pitching: RHP Mason Kucharczyk
|
|
Batting: LHB Vince Westmoreland
|
0-0: Called Strike 0-1: Foul Ball, location: 2F 0-2: Strikes out swinging
|
Top of the 7th over - 0 runs, 0 hits, 0 errors, 2 left on base; Niagara Falls 11 - Albany 10 |
BOTTOM OF THE 7TH |
Albany Chiefs batting - Pitching for Niagara Falls Rapids : LHP Bracken Mamo
|
Batting: LHB Adrian Gordon
|
0-0: Called Strike 0-1: Ball 1-1: Ball 2-1: DOUBLE (Line Drive, 78D, EV 113.8 MPH)
|
Batting: RHB Findlay Carreon
|
0-0: Ball 1-0: Swinging Strike 1-1: Ball 2-1: Ball 3-1: Base on Balls
|
Batting: RHB Kelton Sa'eed
|
0-0: Called Strike 0-1: Called Strike 0-2: Strikes out swinging
|
Batting: SHB Max June
|
0-0: TRIPLE (Line Drive, 78XD, EV 109.4 MPH) Adrian Gordon scores Findlay Carreon scores
|
Batting: RHB Justin Taulbee
|
0-0: Foul Ball, location: 2F 0-1: Foul Ball, location: 2F 0-2: DOUBLE (Flyball, 8LXD, EV 99.4 MPH) Max June scores
|
Batting: LHB Gavin Goodenow
|
0-0: Ball 1-0: Ball 2-0: Foul Ball, location: 2F 2-1: Single, Error in OF, E8, batter to second base (Line Drive, 8RS, EV 112.5 MPH) Justin Taulbee scores
|
Pitching: RHP Nahshon Evans
|
|
Batting: RHB Kyle Grenard
|
0-0: Ball 1-0: Fly out, F4 (Popup, 4D, EV 53.1 MPH)
|
Batting: RHB Kahlil Cruz
|
0-0: Called Strike 0-1: Ball 1-1: Ball 2-1: Reached on error, E6 (Groundball, 6, EV 79.4 MPH) Gavin Goodenow to third
|
Batting: RHB Cole Gregston
|
0-0: Ball 1-0: Ball 2-0: Ball 3-0: Called Strike 3-1: Base on Balls Kahlil Cruz to second
|
Batting: LHB Adrian Gordon
|
0-0: Called Strike 0-1: Ball 1-1: Fly out, F8 (Flyball, 8LD, EV 101.2 MPH)
|
Bottom of the 7th over - 4 runs, 4 hits, 2 errors, 3 left on base; Niagara Falls 11 - Albany 14 |
TOP OF THE 8TH |
Niagara Falls Rapids batting - Pitching for Albany Chiefs : RHP Mason Kucharczyk
|
Batting: LHB Jake Millar
|
0-0: Ball 1-0: Ball 2-0: Called Strike 2-1: Called Strike 2-2: Ball 3-2: Foul Ball, location: 2F 3-2: Base on Balls
|
Batting: SHB Drew Hixson
|
0-0: Called Strike 0-1: Swinging Strike 0-2: Foul Ball, location: 2F 0-2: Ball 1-2: Ball 2-2: Foul Ball, location: 2F 2-2: Strikes out swinging
|
Pinch Hitting: LHB Drew Cheek
|
0-0: Called Strike 0-1: Ball 1-1: Swinging Strike 1-2: Ball 2-2: Ball 3-2: Base on Balls Jake Millar to second
|
Batting: SHB Trent Hogan
|
0-0: Called Strike 0-1: Swinging Strike 0-2: Ball 1-2: Strikes out swinging
|
Batting: RHB Kole Remington
|
0-0: Ball 1-0: Called Strike 1-1: Ball 2-1: Ball 3-1: Base on Balls Jake Millar to third Drew Cheek to second
|
Batting: RHB Thalen Lizik
|
0-0: Called Strike 0-1: Ground out 6-3 (Groundball, 6M, EV 100.6 MPH)
|
Top of the 8th over - 0 runs, 0 hits, 0 errors, 3 left on base; Niagara Falls 11 - Albany 14 |
BOTTOM OF THE 8TH |
Albany Chiefs batting - Pitching for Niagara Falls Rapids : RHP Nahshon Evans
|
Now at 2B: Quinndary Cano
|
|
Batting: RHB Findlay Carreon
|
0-0: Ball 1-0: Ball 2-0: Ball 3-0: Called Strike 3-1: Called Strike 3-2: SOLO HOME RUN (Flyball, 89XD, EV 113.1 MPH), Distance : 433 ft
|
Batting: RHB Kelton Sa'eed
|
0-0: Ball 1-0: Called Strike 1-1: Ball 2-1: Ball 3-1: Foul Ball, location: 2F 3-2: Strikes out swinging
|
Batting: SHB Max June
|
0-0: Ball 1-0: Ball 2-0: Foul Ball, location: 2F 2-1: Foul Ball, location: 2F 2-2: Ball 3-2: Foul Ball, location: 2F 3-2: Base on Balls
|
Batting: RHB Justin Taulbee
|
0-0: Foul Ball, location: 2F 0-1: Fly out, F9 (Flyball, 9, EV 86.9 MPH)
|
Batting: LHB Gavin Goodenow
|
0-0: Ball 1-0: Foul Ball, location: 2F 1-1: SINGLE (Groundball, 6MD, EV 108.8 MPH) Max June to second Throwing error, E8 Max June scores Gavin Goodenow to second
|
Batting: RHB Kyle Grenard
|
0-0: Called Strike 0-1: Foul Ball, location: 2F 0-2: Ball 1-2: SINGLE (Line Drive, 6D, EV 99.4 MPH) Gavin Goodenow to third
|
Batting: RHB Kahlil Cruz
|
0-0: Called Strike Kyle Grenard steals 2nd base 0-1: Fly out, F8 (Flyball, 8RD, EV 92.5 MPH)
|
Bottom of the 8th over - 2 runs, 3 hits, 1 error, 2 left on base; Niagara Falls 11 - Albany 16 |
TOP OF THE 9TH |
Niagara Falls Rapids batting - Pitching for Albany Chiefs : RHP Mason Kucharczyk
|
Batting: RHB Scott Bolton
|
0-0: Called Strike 0-1: Fly out, F2 (Popup, 25F, EV 91.2 MPH)
|
Batting: RHB Isaac Cologgi
|
0-0: Ball 1-0: Foul Ball, location: 2F 1-1: Ball 2-1: Ball 3-1: Foul Ball, location: 2F 3-2: Base on Balls
|
Pitching: LHP Jerrold Tuhina
|
|
Batting: LHB Vince Westmoreland
|
0-0: Ball Wild Pitch! Isaac Cologgi to second 1-0: Ball 2-0: Ball 3-0: Called Strike 3-1: Foul Ball, location: 2F 3-2: Base on Balls
|
Batting: LHB Jake Millar
|
0-0: SINGLE (Flyball, 6D, EV 86.9 MPH) Isaac Cologgi to third Vince Westmoreland to second
|
Batting: SHB Drew Hixson
|
0-0: Ball 1-0: Ball 2-0: Called Strike 2-1: Fly out, F8 (Flyball, 8LD, EV 101.9 MPH) Runner from 3rd tags up, SCORES, no throw by CF
|
Pitching: RHP Nick Marek
|
|
Pinch Hitting: SHB Cody Miller
|
0-0: Foul Ball, location: 2F 0-1: Ball 1-1: Ball 2-1: SINGLE (Line Drive, 6MD, EV 97.5 MPH) Vince Westmoreland to third Jake Millar to second
|
Batting: SHB Trent Hogan
|
0-0: Ball 1-0: Ball 2-0: Called Strike 2-1: DOUBLE (Line Drive, 89D, EV 104.4 MPH) Vince Westmoreland scores Jake Millar scores Cody Miller to third
|
Batting: RHB Kole Remington
|
0-0: Ball 1-0: Ball 2-0: Ball Wild Pitch! Cody Miller scores Trent Hogan to third 3-0: Base on Balls
|
Batting: RHB Thalen Lizik
|
0-0: Fly out, F8 (Line Drive, 8RD, EV 93.1 MPH)
|
Top of the 9th over - 4 runs, 3 hits, 0 errors, 2 left on base; Niagara Falls 15 - Albany 16 |
|